 Dungeon Crawl Stone Soup version 0.32-a0-18-g89e19f1974 (webtiles) character file.

Game seed: 10838947890704672216

1470 Majang the Ruffian (level 8, -5/42 HPs)
             Began as a Vine Stalker Fighter on Jan 16, 2024.
             Was a Believer of Dithmenos.
             Slain by an ogre
             ... wielding a +0 giant spiked club
              (8 damage)
             ... on level 6 of the Dungeon.
             The game lasted 00:27:48 (4467 turns).

Majang the Ruffian (Vine Stalker Fighter)           Turns: 4467, Time: 00:27:48

Health: -5/42      AC:  8    Str: 20    XL:     8   Next: 78%
Magic:  0/10       EV: 11    Int:  8    God:    Dithmenos [**....]
Gold:   394        SH:  5    Dex: 15    Spells: 7/7 levels left

rFire   . .          .
                       - Unarmed
rCold   . . .        b - +0 buckler
rNeg    . . .        i - +0 ring mail
rPois   .            x - +0 helmet
rElec   .            (no cloak)
rCorr   .            e - +0 pair of gloves
SInv    .            C - +0 pair of boots
Will    +....        (no amulet)
Stlth   ++           (no ring)
HPRegen 1.07/turn    (no ring)
MPRegen 0.12/turn

%: guardian spirit
@: wreathed by umbra
A: fangs 3, regeneration 1, magic shield, antimagic bite, no potion heal 2
a: Renounce Religion, Shadow Step


You were on level 6 of the Dungeon.
You worshipped Dithmenos.
Dithmenos was pleased with you.
You visited 1 branch of the dungeon, and saw 6 of its levels.

You collected 394 gold pieces.

Inventory:

Missiles
 f - 5 boomerangs (quivered)
 l - 19 poisoned darts
Armour
 a - a +0 scale mail
 b - a +0 buckler (worn)
 e - a +0 pair of gloves (worn)
 i - a +0 ring mail (worn)
 x - a +0 helmet (worn)
 C - a +0 pair of boots (worn)
Jewellery
 j - a ring of ice
Talismans
 n - a serpent talisman
Wands
 u - a wand of flame (3)
 D - a wand of paralysis (3)
Scrolls
 d - 4 scrolls of teleportation
 g - a scroll of revelation {unknown}
 k - a scroll of enchant armour {unknown}
 o - a scroll of amnesia
 y - a scroll of fear {unknown}
 A - a scroll of poison {unknown}
 B - a scroll of torment {unknown}
 E - a scroll of identify
Potions
 c - 2 potions of might
 h - a potion of curing
 m - 3 potions of brilliance
 p - a potion of lignification
 q - a potion of ambrosia
 r - a potion of berserk rage
 s - a potion of haste {unknown}
 t - 2 potions of enlightenment
 v - a potion of cancellation {unknown}
 w - a potion of mutation {unknown}
 z - 2 potions of resistance {unknown}


   Skills:
 + Level 4.6 Fighting
 + Level 1.8 Throwing
 - Level 2.4 Armour
 + Level 1.7 Dodging
 + Level 3.0 Stealth
 + Level 3.4 Shields
 * Level 6.1 Unarmed Combat
 + Level 2.2 Invocations
 * Level 4.6 Shapeshifting


You had 7 spell levels left.
You didn't know any spells.
Your spell library contained the following spells:

 Spells                   Type           Power      Damage    Failure   Level
 Freeze                   Ice            0%         1d3       65%         1
 Slow                     Hex            0%         N/A       65%         1
 Blink                    Tloc           0%         N/A       80%         2
 Lesser Beckoning         Tloc           0%         N/A       80%         2
 Momentum Strike          Conj/Tloc      0%         3d8       80%         2
 Confusing Touch          Hex            0%         N/A       95%         3
 Frozen Ramparts          Ice            0%         1d1       95%         3
 Hailstorm                Conj/Ice       0%         3d5       95%         3
 Sigil of Binding         Hex            0%         N/A       95%         3
 Tukima's Dance           Hex            0%         N/A       95%         3
 Vampiric Draining        Necr           0%         2d6       95%         3
 Passage of Golubria      Tloc           0%         N/A       100%        4
 Yara's Violent Unravell  Hex/Alch       0%         3d3       100%        5


Dungeon Overview and Level Annotations

Branches:
Dungeon (6/15)
 Temple: D:4-7

Altars:
Cheibriados
Dithmenos
Wu Jian


Innate Abilities, Weirdness & Mutations

You have razor-sharp teeth.
Your natural rate of healing is unusually fast.
When hurt, damage is shared between your health and your magic reserves.
Your bite disrupts and absorbs the magic of your enemies.
Potions cannot restore your health.


Message History

A river rat comes into view.
Found a smoky golden potion.
The rat squeaks loudly.
The river rat squeaks loudly.
You hear a loud squeak.
A rat comes into view.
The river rat moves out of view.
You hear a loud squeak.
The rat squeaks loudly.
The rat bites you but does no damage.
You punch the rat!
You kill the rat!
Dithmenos accepts your kill.
Items here: †††††.
You see here a river rat corpse.
You see here a quokka corpse.
Things that are here:
an iguana corpse; a quokka corpse You barely miss the ogre.
You bite the ogre. You drain its power.
The ogre is lightly wounded.
The ogre hits you with a +0 giant spiked club!
You hit the ogre. You bite the ogre. You drain its power.
You feel invigorated.
The ogre is moderately wounded.
You hit the ogre.
The ogre is heavily wounded.
The ogre hits you with a +0 giant spiked club!
You punch the ogre!
The ogre is severely wounded.
You hit the ogre. You bite the ogre, but do no damage.
The ogre is almost dead.
The ogre hits you with a +0 giant spiked club!
You hit the ogre but do no damage.
The ogre is almost dead.
The ogre hits you with a +0 giant spiked club!!
* * * LOW HITPOINT WARNING * * *
Unknown command.
You hit the ogre but do no damage. Your bite misses the ogre.
The ogre is almost dead.
You barely miss the ogre. Your bite misses the ogre.
The ogre is almost dead.
The ogre hits you with a +0 giant spiked club!
You die...

................##.##
....###.#####.####.##
...# ##.# #.# ##.##
### #..# #.# #..##
#.+# #.# #.### #.#
### ### # ##.##
##.#.# ## #@#.## .#
##O## ## #†## ##
####†####.
###..##†.#.
##O.#O##.#.#
##r.###.#r#.# #.###
#....# #.#.# #...#.#
#


You could see an ogre.

Vanquished Creatures
  A water moccasin (D:6)
  A sky beast (D:6)
  2 ice beasts (D:6)
  An ogre (D:6)
  A kobold brigand (D:6)
  A gnoll sergeant (D:6)
  A scorpion (D:6)
  2 howler monkeys
  2 bombardier beetles
  3 hounds
  2 orc priests
  2 jellies (D:6)
  An iguana (D:6)
  A sleepcap (D:6)
  4 orc wizards
  8 gnolls
  5 adders
  6 river rats (D:6)
  A shadow imp (D:6)
  A white imp (D:6)
  2 ufetubi (D:6)
  4 ribbon worms
  A dart slug (D:5)
  11 orcs
  8 ball pythons
  6 bats
  5 endoplasms
  A giant cockroach (D:4)
  6 goblins
  5 hobgoblins
  11 jackals
  8 quokkas
  A frilled lizard (D:2)
  13 kobolds
  14 rats
142 creatures vanquished.

Notes
Turn   | Place    | Note
-------+----------+-------------------------------------------
     0 | D:1      | Majang the Vine Stalker Fighter began the quest for the
                  | Orb.
     0 | D:1      | Reached XP level 1. HP: 11/11 MP: 2/2
   125 | D:1      | Reached XP level 2. HP: 16/16 MP: 3/3
   394 | D:1      | Reached XP level 3. HP: 18/20 MP: 4/4
   644 | D:2      | Reached skill level 3 in Unarmed Combat
   849 | D:2      | Reached skill level 1 in Shapeshifting
   947 | D:2      | Reached XP level 4. HP: 24/24 MP: 5/5
  1229 | D:3      | Found a shadowy altar of Dithmenos.
  1258 | D:3      | Became a worshipper of Dithmenos the Shadowed
  1459 | D:3      | Reached XP level 5. HP: 27/28 MP: 6/6
  1918 | D:4      | Reached skill level 4 in Unarmed Combat
  1953 | D:4      | Reached XP level 6. HP: 24/32 MP: 3/7
  2280 | D:4      | Reached * piety under Dithmenos
  2496 | D:5      | Entered Level 5 of the Dungeon
  2537 | D:5      | Reached skill level 5 in Unarmed Combat
  2674 | D:5      | Reached XP level 7. HP: 37/37 MP: 8/8
  3317 | D:5      | Found a snail-covered altar of Cheibriados.
  3544 | D:6      | Reached skill level 1 in Stealth
  3600 | D:6      | Reached skill level 1 in Invocations
  3677 | D:6      | Reached skill level 1 in Throwing
  3677 | D:6      | Reached skill level 1 in Dodging
  3903 | D:6      | Gained mutation: You have razor-sharp teeth. [Vine Stalker
                  | growth]
  3903 | D:6      | Reached XP level 8. HP: 42/42 MP: 8/10
  3928 | D:6      | Found an ornate altar of the Wu Jian Council.
  4173 | D:6      | Reached skill level 6 in Unarmed Combat
  4360 | D:6      | Reached ** piety under Dithmenos
  4465 | D:6      | HP: 1/42 [ogre/+0 giant spiked club (16)]
  4467 | D:6      | Slain by an ogre

Illustrated notes

Levels and vault maps discovered:
D:1:      wander_arrival_estate, layout_loops_ring
D:2:      layout_rooms
D:3:      layout_basic, amcnicky_altar_gilded, dk_vineyard_3
D:4:      layout_basic, guppyfry_early_orc_mine
D:5:      layout_basic, marbit_many_paths,
          nicolae_concentric_dashed_squares_wild
D:6:      lemuel_ratsnest, layout_loops_corners, mainiacjoe_overflow_catwalk,
          amethyst_killhole

Skill      XL: |  1  2  3  4  5  6  7  8 |
---------------+-------------------------+-----
Fighting       | 3 4 |  4.6
Unarmed Combat | 3 4 5 6 |  6.1
Shapeshifting  | 1 2 3 4 |  4.6
Stealth        | 1 3 |  3.0
Shields        | 3 |  3.4
Invocations    | 1 2 |  2.2
Throwing       | 1 |  1.8
Dodging        | 1 |  1.7
Armour         | |  2.4

Action                     |  1- 3 |  4- 6 |  7- 9 || total
---------------------------+-------+-------+-------++-------
  Melee: Unarmed           |   116 |   183 |   206 ||   505
         Bite              |    25 |    53 |    65 ||   143
  Throw: Dart              |       |       |     3 ||     3
    Use: Scroll            |       |     9 |     3 ||    12
         Potion            |       |       |     1 ||     1
 Armour: Scale mail        |    14 |       |       ||    14
         Ring mail         |    24 |    86 |    96 ||   206
  Dodge: Dodged            |    62 |    59 |    83 ||   204
  Block: Buckler           |    12 |    30 |    36 ||    78

Table legend: (Time is in decaauts)
 A = Elapsed time spent in this place.
 B = Non-inter-level travel time spent in this place.
 C = Inter-level travel time spent in this place.
 D = Time resting spent in this place.
 E = Time spent auto-exploring this place.
 F = Levels seen in this place.
 G = Mean time per level.
                   A        B        C        D        E       F      G
               +--------+--------+--------+--------+--------+-----+--------+
         Total |   4442 |   4296 |    146 |    235 |    400 |   6 |  740.3 |
       Dungeon |   4442 |   4296 |    146 |    235 |    400 |   6 |  740.3 |
               +--------+--------+--------+--------+--------+-----+--------+

Top non-repeatable levels by time:
     D:6: 1020 daAuts
     D:5: 933 daAuts
     D:4: 717 daAuts
     D:3: 685 daAuts
     D:1: 622 daAuts
     D:2: 462 daAuts
